 Dungeon Crawl Stone Soup version 0.23.0 (webtiles) character file.

Game seed: 12304974475339125006

1052 Monsterracer the Cleaver (level 8, -9/70 HPs)
             Began as a Minotaur Berserker on Feb 9, 2019.
             Was a Priest of Trog.
             Mangled by a wyvern (13 damage)
             ... on level 6 of the Dungeon.
             The game lasted 00:01:36 (3009 turns).

Monsterracer the Cleaver (Minotaur Berserker)       Turns: 3009, Time: 00:01:36

Health: -9/70      AC:  7    Str: 22    XL:     8   Next: 5%
Magic:  7/7        EV: 13    Int:  4    God:    Trog [***...]
Gold:   80         SH:  0    Dex: 12    Spells: 7/7 levels left

rFire    . . .     SeeInvis .   a - +0 hand axe
rCold    . . .     Gourm    .   (no shield)
rNeg     . . .     Faith    .   d - +1 ring mail
rPois    .         Spirit   .   (helmet restricted)
rElec    .         Reflect  .   (no cloak)
rCorr    .         Harm     .   (no gloves)
MR       .....                  (no boots)
Stlth    +.........             k - amulet of the acrobat
HPRegen  0.21/turn              (no ring)
MPRegen  0.10/turn              (no ring)

@: no status effects
A: retaliatory headbutt, horns 2
a: Berserk, Trog's Hand, Renounce Religion


You were on level 6 of the Dungeon.
You worshipped Trog.
Trog was most pleased with you.
You were not hungry.

You visited 1 branch of the dungeon, and saw 6 of its levels.

You collected 80 gold pieces.

Inventory:

Hand Weapons
 a - a +0 hand axe (weapon)
Armour
 d - a +1 ring mail (worn)
Jewellery
 k - an amulet of the acrobat (around neck)
Scrolls
 h - 3 scrolls of remove curse {unknown}
 t - 3 scrolls of teleportation
Potions
 b - 2 potions of might {unknown}
 e - 2 potions of agility
 f - 2 potions of berserk rage {unknown}
 g - 2 potions of curing {unknown}
 l - 3 potions of flight
Comestibles
 c - 4 rations
 i - 2 chunks of flesh


   Skills:
 + Level 6.2 Fighting
 * Level 8.0 Axes
 + Level 5.5 Armour
 + Level 5.0 Dodging


You had 7 spell levels left.
You didn't know any spells.
Your spell library was empty.

Dungeon Overview and Level Annotations

Branches:
Dungeon (6/15)
 Temple: D:4-7

Altars:
Dithmenos
Nemelex Xobeh


Innate Abilities, Weirdness & Mutations

You reflexively headbutt those who attack you in melee.
You have a pair of horns on your head.


Message History

No target in view!
No target in view!
No target in view!
Done exploring.
No target in view!
No target in view!
No target in view!
No target in view!
No target in view!
Done exploring.
There is a stone staircase leading down here.
You climb downwards.
A wyvern and a skeleton come into view.
The wyvern hisses angrily.
Found a ration and a halberd.
There is a stone staircase leading up here.
There are monsters nearby!
The wyvern completely misses you. You furiously retaliate!
You headbutt the wyvern, but do no damage.
You barely miss the wyvern. The wyvern bites you!
You barely miss the wyvern. You hit the hound skeleton. The wyvern bites you.
The hound skeleton barely misses you. The wyvern misses you.
You furiously retaliate!
You headbutt the wyvern. You hit the wyvern but do no damage.
You headbutt the wyvern.
The wyvern is moderately wounded.
You hit the hound skeleton. The wyvern barely misses you.
The hound skeleton closely misses you.
You hit the wyvern but do no damage.
The wyvern is moderately wounded.
You hit the hound skeleton. The wyvern bites you.
The hound skeleton closely misses you. The wyvern misses you.
Unknown command.
You closely miss the hound skeleton.
The hound skeleton is severely damaged.
You closely miss the wyvern. The hound skeleton bites you.
The wyvern closely misses you. The hound skeleton bites you.
You barely miss the hound skeleton. You headbutt the hound skeleton.
The hound skeleton is almost destroyed.
You hit the wyvern. The wyvern misses you. The hound skeleton misses you.
You slash the hound skeleton!
You destroy the hound skeleton!
Trog accepts your kill.
Your Dodging skill increases to level 5!
You hit the wyvern but do no damage.
The wyvern bites you but does no damage. x2
You hit the wyvern.
The wyvern is moderately wounded.
The wyvern bites you.
You hit the wyvern.
The wyvern is heavily wounded.
The wyvern bites you!
A wyvern is nearby!
You are too injured to fight recklessly!
You are too injured to fight recklessly!
You are too injured to fight recklessly!
You are too injured to fight recklessly!
You are too injured to fight recklessly!
Unknown command.
You take 38 damage, and have 32/70 hp.
MASSIVE DAMAGE!!
You are a level 8 Minotaur Berserker.
You are 5% of the way to level 9.
Play time: 00:01:35 (3008 turns)
A wyvern is nearby!
You are too injured to fight recklessly!
You are too injured to fight recklessly!
You are too injured to fight recklessly!
You are too injured to fight recklessly!
You are too injured to fight recklessly!
You are too injured to fight recklessly!
You are too injured to fight recklessly!
You are too injured to fight recklessly!
You are too injured to fight recklessly!
You are too injured to fight recklessly!
A wyvern is nearby!
You are too injured to fight recklessly!
You are too injured to fight recklessly!
You are too injured to fight recklessly!
You are too injured to fight recklessly!
You are too injured to fight recklessly!
You are too injured to fight recklessly!
You are too injured to fight recklessly!
You are too injured to fight recklessly!
You are too injured to fight recklessly!
You are too injured to fight recklessly!
A wyvern is nearby!
You are too injured to fight recklessly!
You are too injured to fight recklessly!
You are too injured to fight recklessly!
You are too injured to fight recklessly!
You are too injured to fight recklessly!
You hit the wyvern.
The wyvern is heavily wounded.
The wyvern bites you!
* * * LOW HITPOINT WARNING * * *
You take 15 damage, and have 17/70 hp.
MASSIVE DAMAGE!!
You hit the wyvern.
The wyvern is severely wounded.
The wyvern bites you!
* * * LOW HITPOINT WARNING * * *
The wyvern bites you!
You die...

######+##
#%......#
#.......#
#......<#
#......@#
#......l#
#.......#
#.......#
#####)...
#....
#....
#.....


You could see a wyvern.

Vanquished Creatures
  Prince Ribbit (D:5)
  An ice beast (D:5)
  A sky beast (D:5)
  2 ogres
  A phantom (D:4)
  2 howler monkeys
  A bullfrog zombie (D:5)
  2 crimson imps (D:5)
  3 jellies
  2 worker ants (D:5)
  A hound skeleton (D:6)
  7 adders
  An ooze (D:3)
  An adder skeleton (D:5)
  3 worms
  3 dart slugs
  A leopard gecko (D:5)
  3 orcs
  3 giant cockroaches
  4 goblins
  5 hobgoblins
  2 jackals (D:2)
  A quokka (D:5)
  2 bats
  4 frilled lizards
  2 kobolds
  6 rats
65 creatures vanquished.

Notes
Turn   | Place    | Note
-------+----------+-------------------------------------------
     0 | D:1      | Monsterracer the Minotaur Berserker began the quest for the
                  | Orb.
     0 | D:1      | Reached XP level 1. HP: 19/19 MP: 0/0
   397 | D:1      | Reached XP level 2. HP: 27/27 MP: 1/1
   457 | D:2      | Reached skill level 4 in Axes
   608 | D:2      | Reached XP level 3. HP: 31/33 MP: 2/2
   630 | D:2      | Reached ** piety under Trog
   835 | D:3      | Found a sparkling altar of Nemelex Xobeh.
  1271 | D:3      | Reached XP level 4. HP: 40/40 MP: 3/3
  1286 | D:4      | Noticed a phantom
  1317 | D:4      | Killed a phantom
  1317 | D:4      | Reached skill level 5 in Axes
  1317 | D:4      | Reached XP level 5. HP: 32/47 MP: 4/4
  1698 | D:4      | Noticed an ogre
  1707 | D:4      | Killed an ogre
  1707 | D:4      | Reached skill level 5 in Fighting
  1707 | D:4      | Reached skill level 6 in Axes
  1707 | D:4      | Reached XP level 6. HP: 24/56 MP: 5/5
  2115 | D:5      | Entered Level 5 of the Dungeon
  2328 | D:5      | Noticed an ice beast
  2340 | D:5      | Reached XP level 7. HP: 51/61 MP: 6/6
  2348 | D:5      | Reached skill level 7 in Axes
  2529 | D:5      | Reached skill level 5 in Armour
  2646 | D:5      | Noticed Prince Ribbit
  2655 | D:5      | Killed Prince Ribbit
  2836 | D:5      | Found a shadowy altar of Dithmenos.
  2868 | D:5      | Reached *** piety under Trog
  2918 | D:5      | Reached XP level 8. HP: 69/70 MP: 7/7
  2919 | D:5      | Reached skill level 8 in Axes
  3005 | D:6      | Reached skill level 5 in Dodging
  3009 | D:6      | Mangled by a wyvern

Skill      XL: |  1  2  3  4  5  6  7  8 |
---------------+-------------------------+-----
Axes           | 4 5 6 7 8 |  8.0
Fighting       | 4 5 6 |  6.2
Armour         | 3 4 5 |  5.5
Dodging        | 3 4 5 |  5.0

Action                   |  1- 3 |  4- 6 |  7- 9 || total
-------------------------+-------+-------+-------++-------
Melee: Hand axe          |    81 |    82 |    53 ||   216
       Headbutt          |    13 |    12 |    15 ||    40
Invok: Berserk           |       |     2 |     1 ||     3
  Use: Scroll            |       |     7 |       ||     7
  Eat: Chunk             |     1 |     5 |     4 ||    10
Armor: Ring mail         |    20 |    19 |    17 ||    56
       Animal skin       |     3 |       |       ||     3
Dodge: Dodged            |    43 |    39 |    30 ||   112

Levels and vault maps discovered:
D:1:      elethiomel_arrival_infinity_welcomes_careful_drivers,
          layout_loops_ring
D:2:      layout_basic, uniq_crazy_yiuf_cottage, uniq_terence, uniq_jessica
D:3:      layout_basic, old_standard_altar, first_ration, uniq_ijyb
D:4:      layout_gridville, kennysheep_generic_room_12
D:5:      layout_basic, nicolae_overflow_crystal_walls, wad_rectangle_vault,
          uniq_prince_ribbit1
D:6:      layout_gridville
